 Dungeon Crawl Stone Soup version 0.30.1-8-g117510f58f (webtiles) character file.

Game seed: 3171929734372358222

668 Ivernyr the Shield-Bearer (level 7, -4/56 HPs)
             Began as a Formicid Fighter on Sept 22, 2023.
             Was an Initiate of Wu Jian.
             Slain by an ogre
             ... wielding a +0 giant spiked club
              (20 damage)
             ... on level 5 of the Dungeon on Sept 23, 2023.
             The game lasted 00:10:04 (3827 turns).

Ivernyr the Shield-Bearer (Formicid Fighter)        Turns: 3827, Time: 00:10:04

Health: -4/56      AC:  9    Str: 23    XL:     7   Next: 88%
Magic:  7/7        EV:  9    Int:  7    God:    Wu Jian [......]
Gold:   167        SH:  5    Dex: 13    Spells: 6/6 levels left

rFire   . . .        a - +0 quarterstaff
rCold   . . .        c - +0 buckler
rNeg    . . .        b - +0 scale mail
rPois   .            (helmet unavailable)
rElec   .            n - +0 cloak
rCorr   .            f - +0 pair of gloves
SInv    +            (no boots)
Will    .....        (no amulet) Stlth
                     (no ring)
HPRegen 0.29/turn    (no ring)
MPRegen 0.10/turn

%: no passive effects
@: no status effects
A: permanent stasis, dig shafts and tunnels, antennae 3, four strong arms
a: Dig, Shaft Self, Renounce Religion


You were on level 5 of the Dungeon.
You worshipped Wu Jian.
Wu Jian was noncommittal.
You visited 2 branches of the dungeon, and saw 6 of its levels.

You collected 195 gold pieces.
You spent 28 gold pieces at shops.

Inventory:

Hand Weapons
 a - a +0 quarterstaff (weapon)
Missiles
 j - 2 throwing nets
Armour
 b - a +0 scale mail (worn)
 c - a +0 buckler (worn)
 f - a +0 pair of gloves (worn)
 n - a +0 cloak (worn)
Jewellery
 y - a ring of flight
Wands
 w - a wand of roots (7)
Scrolls
 e - 2 scrolls of fog {unknown}
 g - 2 scrolls of poison {unknown}
 i - a scroll of torment {unknown}
 k - 4 scrolls of teleportation {unknown}
 l - 5 scrolls of magic mapping {unknown}
 m - 5 scrolls of identify
 o - a scroll of blinking {unknown}
 u - 2 scrolls of vulnerability {unknown}
 z - a scroll of immolation {unknown}
Potions
 d - 2 potions of might
 h - 4 potions of curing {unknown}
 p - 3 potions of berserk rage {unknown}
 q - 3 potions of flight {unknown}
 r - a potion of degeneration {unknown}
 s - 2 potions of haste {unknown}
 t - a potion of cancellation {unknown}
 v - a potion of brilliance {unknown}
 x - a potion of magic {unknown}


   Skills:
 + Level 5.1 Fighting
 * Level 5.4 Staves
 + Level 5.1 Armour
 + Level 6.1 Shields


You had 6 spell levels left.
You didn't know any spells.
Your spell library contained the following spells:

 Spells                   Type           Power      Damage    Failure   Level
 Slow                     Hex            0%         N/A       78%         1
 Lesser Beckoning         Tloc           0%         N/A       89%         2
 Static Discharge         Conj/Air       0%         2-2/arc   89%         2
 Confusing Touch          Hex            0%         N/A       98%         3
 Gell's Gravitas          Tloc           0%         N/A       98%         3
 Inner Flame              Hex/Fire       0%         N/A       98%         3
 Teleport Other           Tloc           0%         N/A       98%         3
 Vampiric Draining        Necr           0%         2d6       98%         3
 Airstrike                Air            0%         2d(0-16)  100%        4
 Olgreb's Toxic Radiance  Pois           0%         N/A       100%        4
 Summon Lightning Spire   Summ/Air       0%         N/A       100%        4
 Yara's Violent Unravell  Hex/Tmut       0%         3d3       100%        5
 Enfeeble                 Hex            0%         N/A       100%        7
 Discord                  Hex            0%         N/A       100%        8
 Ignition                 Fire           0%         3d3       100%        8


Dungeon Overview and Level Annotations

Branches:
Dungeon (5/15)             Temple (1/1) D:5

Altars:
Ashenzari
Dithmenos
Elyvilon
Fedhas
Hepliaklqana
Makhleb
Okawaru
Uskayaw
Vehumet
Wu Jian
Yredelemnul
Zin

Shops:
D:4 ?

Annotations:
D:3 3 runed translucent doors, exclusion: door, chujev's ghost, amateur MfVM


Innate Abilities, Weirdness & Mutations

You cannot be hasted, slowed, berserked, paralysed or teleported.
You can dig through walls and to a lower floor.
You have a pair of large antennae on your head. (SInv)
Your four strong arms can wield two-handed weapons with a shield.


Message History

The adder is moderately wounded.
The adder barely misses you.
You sock the adder!
You kill the adder!
The Council accepts your kill.
You hit the orc.
The orc is moderately wounded.
The orc hits you with a +0 hand axe.
You closely miss the orc.
The orc is moderately wounded.
The orc closely misses you.
You closely miss the orc.
The orc is moderately wounded.
The orc barely misses you.
You hit the orc.
You kill the orc!
The Council accepts your kill.
Things that are here:
a +0 hand axe; a +0 giant spiked club; an adder corpse You start resting.
An ogre comes into view. It is wielding a +0 giant spiked club.
The ogre shouts!
Things that are here:
a +0 hand axe; a +0 giant spiked club; an adder corpse You sock the ogre!
The ogre is heavily wounded.
The ogre hits you with a +0 giant spiked club!
* * * LOW HITPOINT WARNING * * *
You hit the ogre but do no damage.
The ogre is heavily wounded.
You block the ogre's attack.
You hit the ogre but do no damage.
The ogre is heavily wounded.
You hit the ogre.
The ogre is severely wounded.
You block the ogre's attack.
You hit the ogre but do no damage.
The ogre is severely wounded.
The ogre hits you with a +0 giant spiked club!!
You die...

....## .###.†...##
.....##.# ##..#..## #... ..
........## #####..# .......
<........# ###..## .#.....
†......# ###...## ..#...?
......#####....## ....._.
.....)##.#....## ..:....
.....)##.....#######.......
.....#)...>.....@O).....$8)
.#...#........######....)..
.#............# ..._...
.###....##...># ##.....
........##....# .....
..⌠.....####### ....
........# ... .###....# ...
.#......#


You could see an ogre.

Vanquished Creatures
  An ogre (D:5)
  A phantom (D:4)
  A centaur (D:3)
  2 scorpions
  A hound (D:5)
  An iguana (D:5)
  2 orc wizards
  Robin (D:2)
  7 adders
  A shadow imp (D:5)
  A worm (D:5)
  7 dart slugs
  13 orcs
  8 endoplasms
  4 giant cockroaches
  11 goblins
  8 hobgoblins
  8 jackals
  2 quokkas
  9 ball pythons
  2 bats (D:1)
  2 frilled lizards (D:1)
  A giant cockroach zombie (D:3)
  5 kobolds
  A quokka zombie (D:3)
  8 rats
108 creatures vanquished.

Notes
Turn   | Place    | Note
-------+----------+-------------------------------------------
     0 | D:1      | Ivernyr the Formicid Fighter began the quest for the Orb.
     0 | D:1      | Reached XP level 1. HP: 18/18 MP: 1/1
    88 | D:1      | Reached XP level 2. HP: 22/24 MP: 2/2
   584 | D:2      | Reached XP level 3. HP: 29/29 MP: 3/3
   661 | D:2      | Found a hide-covered altar of Uskayaw.
   948 | D:2      | Reached XP level 4. HP: 37/37 MP: 4/4
  1336 | D:2      | Noticed Robin
  1353 | D:2      | Killed Robin
  1572 | D:3      | Found a hazy altar of Hepliaklqana.
  1666 | D:3      | Found a runed translucent gate.
  1666 | D:3      | Found a runed translucent gate.
  1666 | D:3      | Found a runed translucent gate.
  1666 | D:3      | Noticed chujev's ghost (amateur MfVM)
  1667 | D:3      | Found a basalt altar of Yredelemnul.
  1714 | D:3      | Reached XP level 5. HP: 42/42 MP: 5/5
  1733 | D:3      | Noticed a centaur
  1734 | D:3      | Noticed a water moccasin
  1775 | D:3      | Killed a centaur
  1776 | D:3      | Reached skill level 5 in Shields
  1776 | D:3      | Reached XP level 6. HP: 34/48 MP: 6/6
  2180 | D:3      | Found an iron altar of Okawaru.
  2919 | D:4      | Reached XP level 7. HP: 52/55 MP: 7/7
  3019 | D:4      | Found Mohel's Magic Scroll Boutique.
  3022 | D:4      | Bought a scroll of identify for 28 gold pieces
  3542 | D:4      | Found a blossoming altar of Fedhas.
  3549 | D:4      | Found a broken altar of Ashenzari.
  3574 | D:5      | Entered Level 5 of the Dungeon
  3578 | D:5      | Found a staircase to the Ecumenical Temple.
  3592 | D:5      | Reached skill level 5 in Staves
  3670 | Temple   | Entered the Ecumenical Temple
  3678 | Temple   | Became a worshipper of the Wu Jian Council
  3726 | D:5      | Reached skill level 5 in Fighting
  3776 | D:5      | Found a burning altar of Makhleb.
  3795 | D:5      | Found a radiant altar of Vehumet.
  3797 | D:5      | Found a hide-covered altar of Uskayaw.
  3806 | D:5      | Reached skill level 5 in Armour
  3806 | D:5      | Reached skill level 6 in Shields
  3827 | D:5      | Slain by an ogre

Illustrated notes

Levels and vault maps discovered:
D:1:      lightli_arrival_chessboard, layout_basic, hangedman_decor_push
D:2:      layout_basic, basic_altar, uniq_robin
D:3:      layout_loops_ring, nicolae_yredelemnul_ghost_church,
          nicolae_hepliaklqana_hippocampus, okawaru_trees_2,
          minmay_joined_circles
D:4:      layout_basic, amethyst_overflow_temple_binary, serial_shops,
          nicolae_shop_rolled_up
D:5:      layout_rooms, makhleb_blood_cavern_becter, grunt_temple_overflow_open,
          kennysheep_mini, minmay_temple_entry_junction_2
Temple:   dpeg_three_leaves_temple

Skill      XL: |  1  2  3  4  5  6  7 |
---------------+----------------------+-----
Staves         | 3 4 5 |  5.4
Fighting       | 4 5 |  5.1
Armour         | 4 5 |  5.1
Shields        | 5 6 |  6.1

Action                     |  1- 3 |  4- 6 |  7- 9 || total
---------------------------+-------+-------+-------++-------
  Melee: Quarterstaff      |    65 |   188 |    98 ||   351
 Armour: Scale mail        |    26 |    81 |    35 ||   142
  Dodge: Dodged            |    28 |    76 |    31 ||   135
  Block: Buckler           |    16 |    52 |    19 ||    87
